 Dungeon Crawl Stone Soup version 0.31.0-11-ge490571c62 (webtiles) character file.

Game seed: 11828798965616127130

1405 Curundu the Cleaver (level 8, 0/71 HPs)
             Began as a Minotaur Berserker on Jan 26, 2024.
             Was an Elder of Trog.
             Slain by a yak (8 damage)
             ... on level 7 of the Dungeon.
             The game lasted 00:15:50 (5491 turns).

Curundu the Cleaver (Minotaur Berserker)            Turns: 5491, Time: 00:15:51

Health: 0/71       AC: 16    Str: 24    XL:     8   Next: 42%
Magic:  7/7        EV:  9    Int:  4    God:    Trog [****..]
Gold:   254        SH:  4    Dex: 10    Spells: 7/7 levels left

rFire   . . .        c - +1 war axe
rCold   . . .        i - +0 buckler
rNeg    . . .        e - +3 chain mail
rPois   .            (helmet restricted)
rElec   .            v - +0 cloak
rCorr   .            t - +0 pair of gloves
SInv    .            (no boots)
Will    .....        (no amulet) Stlth
                     (no ring)
HPRegen 0.31/turn    (no ring)
MPRegen 0.10/turn

%: no passive effects
@: no status effects
A: horns 2, retaliatory headbutt
a: Renounce Religion, Berserk, Trog's Hand, Brothers in Arms


You were on level 7 of the Dungeon.
You worshipped Trog.
Trog was greatly pleased with you.
You visited 2 branches of the dungeon, and saw 8 of its levels.

You collected 254 gold pieces.

Inventory:

Hand Weapons
 c - a +1 war axe (weapon)
Missiles
 k - 6 boomerangs (quivered)
Armour
 e - a +3 chain mail (worn)
 h - a +0 plate armour
 i - a +0 buckler (worn)
 t - a +0 pair of gloves (worn)
 v - a +0 cloak (worn)
Jewellery
 f - a ring of protection from cold
 w - a ring of see invisible
Wands
 l - a wand of flame (24)
Scrolls
 m - 3 scrolls of revelation
 n - 2 scrolls of immolation
 p - 5 scrolls of teleportation
 q - 5 scrolls of identify
Potions
 a - 2 potions of might {unknown}
 b - 2 potions of haste {unknown}
 d - a potion of mutation {unknown}
 g - a potion of resistance
 j - 2 potions of curing
 o - a potion of heal wounds {unknown}
 s - a potion of cancellation {unknown}


   Skills:
 + Level 6.9 Fighting
 + Level 8.9 Axes
 + Level 6.8 Armour
 + Level 3.3 Dodging
 + Level 0.1 Stealth
 + Level 1.8 Shields


You had 7 spell levels left.
You didn't know any spells.
Your spell library was empty.

Dungeon Overview and Level Annotations

Branches:
Dungeon (7/15)             Temple (1/1) D:5

Altars:
Ashenzari
Cheibriados
Elyvilon
Fedhas
Gozag
Hepliaklqana
Kikubaaqudgha
Makhleb
Nemelex Xobeh
Okawaru
Qazlal
Ru
Trog
Uskayaw
Vehumet
Wu Jian
Xom
Yredelemnul
Zin
The Shining One
Lugonu

Shops:
D:2 ?(?[=

Portals:
Abyss: D:3


Innate Abilities, Weirdness & Mutations

You have a pair of horns on your head.
You reflexively headbutt those who attack you in melee.


Message History

The yak gores you but does no damage.
You slash the yak!
You kill the yak!
Trog accepts your kill.
You can now call in reinforcements.
The yak gores you.
You have reached level 8!
You feel agile.
You slash the yak! You headbutt the yak.
The yak is moderately wounded.
The yak gores you but does no damage.
You slash the yak!
The yak is severely wounded.
The yak misses you.
You hit the yak.
The yak is severely wounded.
The yak gores you but does no damage.
You barely miss the yak.
The yak is severely wounded.
The yak gores you but does no damage.
You slash the yak!
You kill the yak!
Trog accepts your kill.
You hit the yak.
The yak is severely wounded.
The yak gores you!
* * * LOW HITPOINT WARNING * * *
You hit the yak. You headbutt the yak.
The yak is almost dead.
The yak gores you!
* * * LOW HITPOINT WARNING * * *
You slash the yak!
You kill the yak!
Trog accepts your kill.
You hit the yak but do no damage. The yak gores you but does no damage.
You hit the yak.
The yak is lightly wounded.
The yak gores you!
* * * LOW HITPOINT WARNING * * *
The yak attacks as it pursues you! The yak gores you!
You die...

. .## ## .....
#.#. ...
Y#####.#########
.......†Y@..<..#
..#.############


You could see a yak.

Vanquished Creatures
  4 yaks (D:7)
  2 scorpions
  2 bombardier beetles
  A jelly (D:6)
  A gnoll bouda (D:5)
  An orc priest (D:3)
  2 hounds
  7 iguanas
  A sleepcap (D:5)
  An orc wizard (D:3)
  6 gnolls
  9 adders
  2 ufetubi (D:6)
  4 dart slugs
  10 orcs
  5 endoplasms
  4 giant cockroaches
  6 goblins
  5 hobgoblins
  5 jackals
  6 kobolds
  7 quokkas
  5 ball pythons
  7 bats
  6 frilled lizards
  6 rats
115 creatures vanquished.

Notes
Turn   | Place    | Note
-------+----------+-------------------------------------------
     0 | D:1      | Curundu the Minotaur Berserker began the quest for the Orb.
     0 | D:1      | Reached XP level 1. HP: 19/19 MP: 0/0
   233 | D:1      | Reached XP level 2. HP: 27/27 MP: 1/1
   467 | D:1      | Found a faded altar of an unknown god.
   548 | D:1      | Reached skill level 4 in Axes
   841 | D:2      | Reached ** piety under Trog
   847 | D:2      | Reached XP level 3. HP: 33/34 MP: 2/2
   869 | D:2      | Found a snail-covered altar of Cheibriados.
   916 | D:2      | Found Gasku's Magic Scroll Emporium.
   974 | D:2      | Found Qeonywn's Weapon Shop.
  1125 | D:2      | Found Loateg's Magic Scroll Shop.
  1263 | D:2      | Found Imuz Qev's Armour Shop.
  1268 | D:2      | Reached XP level 4. HP: 41/41 MP: 3/3
  1305 | D:2      | Found Felim's Jewellery Shop.
  1406 | D:3      | Found a broken altar of Ashenzari.
  1436 | D:3      | Reached skill level 5 in Fighting
  1436 | D:3      | Reached skill level 5 in Axes
  1436 | D:3      | Reached XP level 5. HP: 27/48 MP: 4/4
  1553 | D:3      | Found a stormy altar of Qazlal.
  1896 | D:3      | Reached *** piety under Trog
  2114 | D:3      | Found a large runed translucent door.
  2114 | D:3      | Found a large runed translucent door.
  2118 | D:3      | Found a corrupted altar of Lugonu.
  2137 | D:3      | Found a one-way gate to the infinite horrors of the Abyss.
  2365 | D:3      | Reached skill level 6 in Axes
  3318 | D:4      | Reached XP level 6. HP: 56/56 MP: 5/5
  3454 | D:4      | Noticed a +0 dagger
  3454 | D:4      | Noticed a +0 hand axe
  3525 | D:4      | Found a hide-covered altar of Uskayaw.
  3867 | D:5      | Entered Level 5 of the Dungeon
  4208 | D:5      | Reached skill level 7 in Axes
  4208 | D:5      | Reached XP level 7. HP: 20/62 MP: 6/6
  4419 | D:5      | Found a staircase to the Ecumenical Temple.
  4444 | Temple   | Entered the Ecumenical Temple
  4610 | D:5      | Reached skill level 5 in Armour
  5043 | D:6      | Identified the +0 dagger "Laahekh" {venom, Will++ Int+3
                  | Dex-5}
  5119 | D:6      | Found a glowing golden altar of the Shining One.
  5460 | D:7      | Noticed a yak
  5463 | D:7      | Noticed a yak
  5463 | D:7      | Noticed a yak
  5464 | D:7      | Noticed a yak
  5466 | D:7      | Noticed a yak
  5473 | D:7      | Killed a yak
  5474 | D:7      | Reached skill level 8 in Axes
  5474 | D:7      | Reached skill level 1 in Shields
  5480 | D:7      | Killed a yak
  5480 | D:7      | Reached **** piety under Trog
  5481 | D:7      | Reached XP level 8. HP: 29/71 MP: 7/7
  5491 | D:7      | Slain by a yak

Illustrated notes

Levels and vault maps discovered:
D:1:      dpeg_arrival_erosion, layout_basic,
          hellmonk_ecumenical_altar_inner_sanctum, st_stairs_9
D:2:      layout_rooms, basic_altar, serial_shops, nicolae_shop_trees, shop,
          shop, nicolae_shop_bloodbath_and_beyond, shop, minmay_misc_feat_roman
D:3:      due_chaos_kobolds, layout_loops_corners,
          mainiacjoe_overflow_catch_the_wave, minmay_between
D:4:      layout_layer_cave, dancing_weapons_uskayaw
D:5:      layout_loops_ring, minmay_temple_entry_gardened_gates,
          kennysheep_generic_room_8
D:6:      layout_rooms, kennysheep_little_box
D:7:      layout_basic, tgw_sif, uniq_prince_ribbit1
Temple:   nicolae_temple_bog_church

Skill      XL: |  1  2  3  4  5  6  7 |
---------------+----------------------+-----
Fighting       | 4 5 6 |  6.9
Axes           | 4 5 6 7 8 |  8.9
Armour         | 3 4 6 |  6.8
Dodging        | 3 |  3.3
Shields        | 1 |  1.8
Stealth        | |  0.1

Action                     |  1- 3 |  4- 6 |  7- 9 || total
---------------------------+-------+-------+-------++-------
  Melee: Hand axe          |    50 |       |       ||    50
         Headbutt          |    10 |    21 |    21 ||    52
         War axe           |    18 |   155 |    80 ||   253
         Punch             |       |     1 |       ||     1
    Use: Scroll            |     3 |     6 |     2 ||    11
 Armour: Animal skin       |    12 |       |       ||    12
         Chain mail        |    55 |   125 |    61 ||   241
         Plate armour      |    10 |       |       ||    10
  Dodge: Dodged            |    29 |    75 |    28 ||   132
  Block: Buckler           |       |    15 |    15 ||    30
